 Dungeon Crawl Stone Soup version 0.22-a0-779-g6f83d72c62 (webtiles) character file.

860 Mirvelgyr the Cleaver (level 7, -1/57 HPs)
             Began as a Minotaur Berserker on July 19, 2018.
             Was a Priest of Trog.
             Slain by a yak (10 damage)
             ... on level 5 of the Dungeon.
             The game lasted 00:06:56 (3749 turns).

Mirvelgyr the Cleaver (Minotaur Berserker)          Turns: 3749, Time: 00:06:56

Health: -1/57      AC:  9    Str: 24    XL:     7   Next: 71%
Magic:  6/6        EV:  9    Int:  4    God:    Trog [***...]
Gold:   100        SH:  2    Dex: 12    Spells: 6/6 levels left

rFire    . . .     SeeInvis .   z - +0 war axe
rCold    . . .     Gourm    .   (no shield)
rNeg     . . .     Faith    .   p - +0 chain mail
rPois    +         Spirit   .   (helmet restricted)
rElec    .         Reflect  +   g - +0 cloak
rCorr    .         Harm     .   (no gloves)
MR       .....                  (no boots)
Stlth    ..........             q - +2 amulet of reflection
HPRegen  0.19/turn              t - ring of poison resistance
MPRegen  0.10/turn              w - +3 ring of dexterity

@: drained
A: retaliatory headbutt, horns 2
a: Berserk, Trog's Hand, Renounce Religion


You were on level 5 of the Dungeon.
You worshipped Trog.
Trog was most pleased with you.
You were not hungry.

You visited 1 branch of the dungeon, and saw 5 of its levels.

You collected 100 gold pieces.

Inventory:

Hand Weapons
 z - a +0 war axe (weapon)
Armour
 g - a +0 cloak (worn)
 p - a +0 chain mail (worn)
Jewellery
 q - a +2 amulet of reflection (around neck)
 t - a ring of poison resistance (left hand)
 w - a +3 ring of dexterity (right hand)
Wands
 y - a wand of clouds (5)
Scrolls
 d - 3 scrolls of immolation {unknown}
 h - a scroll of fear {unknown}
 i - 2 scrolls of amnesia {unknown}
 j - 10 scrolls of identify {unknown}
 l - 5 scrolls of remove curse {unknown}
 m - a scroll of enchant armour {unknown}
 o - a scroll of enchant weapon {unknown}
 s - a scroll of random uselessness {unknown}
 u - a scroll of blinking {unknown}
 x - 2 scrolls of teleportation {unknown}
Potions
 e - a potion of ambrosia {unknown}
 f - a potion of berserk rage {unknown}
 k - 5 potions of curing {unknown}
 n - 5 potions of degeneration {unknown}
 r - a potion of heal wounds {unknown}
 v - 2 potions of agility {unknown}
Comestibles
 c - 11 rations


   Skills:
 - Level 3.6(3.5) Fighting
 + Level 11.0(10.9) Axes
 - Level 2.4(2.3) Armour
 - Level 2.1 Dodging


You had 6 spell levels left.
You didn't know any spells.
Your spell library was empty.

Dungeon Overview and Level Annotations

Branches:
Dungeon (5/15)
 Temple: D:4-7

Altars:
Cheibriados
Gozag
Nemelex Xobeh
Wu Jian


Innate Abilities, Weirdness & Mutations

You reflexively headbutt those who attack you in melee.
You have a pair of horns on your head.


Message History

The yak gores you. x2
You barely miss the yak. You headbutt the yak, but do no damage.
The yak is heavily wounded.
Your chain mail prevents you from hitting the yak.
You slash the yak! The yak barely misses you. x2
The yak gores you but does no damage.
You hit the yak but do no damage.
The yak is heavily wounded.
You completely miss the yak. You hit the yak. You barely miss the yak.
The yak gores you! You block the yak's attack. The yak gores you.
The yak gores you but does no damage.
You slash the yak!
The yak is severely wounded.
You barely miss the yak. You hit the yak. x2; The yak gores you!
The yak gores you but does no damage. x2; The yak gores you!
* * * LOW HITPOINT WARNING * * *
You are too injured to fight recklessly!
You are too injured to fight recklessly!
The yak gores you!
You die...

##### ..#
###.....##.##
##...........#
...(....>....##
..............#
...............##
............Y<...#
.........[..Y@.<)##
.........)..YYY.#.#
.........)......#.#
....?..........###.#
...............# .#
..............## #.
..........?..## ..
.....?......## ...
...........## ..#


You could see 5 yaks.

Vanquished Creatures
  Sigmund (D:3)
  An ogre (D:4)
  A phantom (D:4)
  Blork the orc (D:4)
  4 wights (D:5)
  A hound (D:4)
  Crazy Yiuf (D:3)
  2 iguanas (D:4)
  Terence (D:3)
  7 adders
  3 dart slugs (D:2)
  2 leopard geckos (D:2)
  10 orcs (D:3)
  A ball python (D:3)
  7 giant cockroaches
  4 goblins
  10 hobgoblins
  8 jackals
  2 quokkas (D:4)
  3 bats
  9 frilled lizards
  2 jackal skeletons (D:4)
  11 kobolds
  6 rats
98 creatures vanquished.

Notes
Turn   | Place    | Note
-------+----------+-------------------------------------------
     0 | D:1      | Mirvelgyr the Minotaur Berserker began the quest for the Orb.
     0 | D:1      | Reached XP level 1. HP: 19/19 MP: 0/0
   375 | D:1      | Reached skill level 4 in Axes
   477 | D:1      | Reached XP level 2. HP: 26/26 MP: 1/1
   856 | D:1      | Reached skill level 5 in Axes
   901 | D:1      | Reached XP level 3. HP: 26/31 MP: 2/2
  1337 | D:2      | Found a sparkling altar of Nemelex Xobeh.
  1640 | D:2      | Reached skill level 6 in Axes
  1640 | D:2      | Reached XP level 4. HP: 29/39 MP: 3/3
  1934 | D:3      | Reached ** piety under Trog
  2096 | D:3      | Found an ornate altar of the Wu Jian Council.
  2099 | D:3      | Found a snail-covered altar of Cheibriados.
  2102 | D:3      | Found an opulent altar of Gozag.
  2411 | D:3      | Noticed Terence
  2432 | D:3      | Killed Terence
  2432 | D:3      | Reached skill level 7 in Axes
  2432 | D:3      | Reached XP level 5. HP: 35/45 MP: 4/4
  2498 | D:3      | Noticed Sigmund
  2506 | D:3      | Killed Sigmund
  2506 | D:3      | Reached skill level 8 in Axes
  2506 | D:3      | Reached XP level 6. HP: 32/51 MP: 5/5
  2594 | D:3      | Found a runed door.
  2767 | D:3      | Noticed Crazy Yiuf
  2772 | D:3      | Killed Crazy Yiuf
  2845 | D:4      | Noticed Blork the orc
  2857 | D:4      | Killed Blork the orc
  2857 | D:4      | Reached skill level 9 in Axes
  3421 | D:4      | Reached XP level 7. HP: 57/57 MP: 6/6
  3463 | D:4      | Reached skill level 10 in Axes
  3693 | D:5      | Entered Level 5 of the Dungeon
  3731 | D:5      | Reached *** piety under Trog
  3731 | D:5      | Reached skill level 11 in Axes
  3735 | D:5      | Noticed a yak
  3736 | D:5      | Noticed a yak
  3736 | D:5      | Noticed a yak
  3737 | D:5      | Noticed a yak
  3737 | D:5      | Noticed a yak
  3749 | D:5      | Slain by a yak

Vault maps used:
D:1:      minmay_arrival_up_and_down
D:2:      lemuel_crystal_altar
D:3:      grunt_temple_overflow_diamond, uniq_terence, uniq_sigmund,
          uniq_crazy_yiuf_cottage
D:4:      first_ration, uniq_blork_the_orc
D:5:      grunt_gozag_breadcrumbs

Skill      XL: |  1  2  3  4  5  6  7 |
---------------+----------------------+-----
Axes           | 4 5 6 7 8 9 11 | 11.0
Fighting       | |  3.6
Armour         | |  2.4
Dodging        | |  2.1

Action                   |  1- 3 |  4- 6 |  7- 9 || total
-------------------------+-------+-------+-------++-------
Melee: Hand axe          |   100 |   147 |     7 ||   254
       Headbutt          |    12 |    27 |     8 ||    47
       War axe           |       |       |    30 ||    30
Invok: Berserk           |       |     1 |       ||     1
       Trog's Hand       |       |     1 |     1 ||     2
  Eat: Chunk             |     2 |     7 |     2 ||    11
Armor: Animal skin       |    19 |       |       ||    19
       Chain mail        |       |    57 |    16 ||    73
Dodge: Dodged            |    60 |    47 |    20 ||   127
Block: Other             |       |     9 |     2 ||    11

Table legend:
 A = Spawn XP
 B = Non-spawn XP
 C = Spawn XP percentage of total XP
 D = Spawn monster count
 E = Non-spawn monster count
 F = Spawn count percentage of total count
 G = Total turns spent on level
                    A         B        C        D         E        F      G
               +---------+---------+-------+---------+---------+-------+---------
         Total |       0 |    1229 |   0.0 |       0 |      98 |   0.0 |  3749
               +---------+---------+-------+---------+---------+-------+---------
           D:1 |       0 |      41 |   0.0 |       0 |      25 |   0.0 |   990
           D:2 |       0 |      71 |   0.0 |       0 |      25 |   0.0 |   940
           D:3 |       0 |     375 |   0.0 |       0 |      27 |   0.0 |   876
           D:4 |       0 |     507 |   0.0 |       0 |      17 |   0.0 |   887
           D:5 |       0 |     235 |   0.0 |       0 |       4 |   0.0 |    56
               +---------+---------+-------+---------+---------+-------+---------
